General information
- name: BNet
- type: Ladder team game (AT/RT)
- host: Battle.net
- saver: humankingtomvip
map: MarketSquare
- players: 8
- length: 23:42
- speed: Fast
- version: 1.26 W3XP
- replay type: Public
» download(138 KB)
Players
team 1 (loser)
PC31 (
orange | 37 APM | 632 actions | 17:02)
5 Dark Ranger
3 Black Arrow
2 Life Drain
2 Priestess of the Moon
1 Trueshot Aura
1 Searing Arrows
» actions
| Assign group hotkey | 15 | |
| Basic commands | 71 | |
| Build / train | 53 | |
| Enter build submenu | 20 | |
| Enter hero's abilities submenu | 7 | |
| Remove unit from queue | 1 | |
| Right click | 198 | |
| Select / deselect | 193 | |
| Select group hotkey | 52 | |
| Use ability | 22 | |
632 total
» units
| Wisp | 21 | |
| Archer | 6 | |
| Chimaera | 3 | |
| Hippogryph | 3 | |
33 total
» upgrades
| Strength of the Wild | 3 | |
| Reinforced Hides | 3 | |
| Corrosive Breath | 1 | |
7 total
» buildings
| Moon Well | 7 | |
| Altar of Elders | 1 | |
| Ancient of War | 1 | |
| Tree of Ages | 1 | |
| Hunter's Hall | 1 | |
| Tree of Life | 2 | |
| Tree of Eternity | 2 | |
| Ancient of Wind | 3 | |
| Chimaera Roost | 3 | |
21 total
» build order
00:32 Moon Well
00:41 Altar of Elders
00:45 Moon Well
01:47 Ancient of War
02:17 Moon Well
03:48 Tree of Ages
05:11 Hunter's Hall
07:30 Tree of Life
07:48 Tree of Eternity
07:48 Tree of Eternity
07:59 Ancient of Wind
08:48 Ancient of Wind
10:19 Chimaera Roost
10:20 Chimaera Roost
10:22 Chimaera Roost
10:29 Moon Well
11:25 Moon Well
11:42 Moon Well
12:25 Ancient of Wind
13:12 Moon Well
15:45 Tree of Life
» items
LOL_IDC (
teal | 43 APM | 895 actions | 21:03)
3 Blademaster
1 Wind Walk
2 Critical Strike
» actions
| Build / train | 48 | |
| Enter build submenu | 12 | |
| Enter hero's abilities submenu | 3 | |
| Give item / drop item | 1 | |
| Remove unit from queue | 1 | |
| Right click | 552 | |
| Select / deselect | 207 | |
| Use ability | 71 | |
895 total
» units
» upgrades
| Spiked Barricades | 0 | |
| Ranged Weapons | 2 | |
| Liquid Fire | 1 | |
| Armor | 1 | |
4 total
» buildings
| Altar of Storms | 1 | |
| Orc Burrow | 5 | |
| Voodoo Lounge | 1 | |
| Stronghold | 1 | |
| War Mill | 1 | |
| Fortress | 1 | |
| Beastiary | 3 | |
13 total
» build order
00:06 Altar of Storms
00:08 Orc Burrow
01:10 Voodoo Lounge
01:46 Orc Burrow
02:52 Stronghold
04:03 War Mill
04:12 Orc Burrow
05:14 Fortress
05:18 Beastiary
05:22 Beastiary
05:52 Beastiary
05:58 Orc Burrow
06:45 Orc Burrow
» items
| Healing Salve | 3 | |
| Lesser Clarity Potion | 6 | |
| Potion of Healing | 1 | |
| Orb of Lightning | 1 | |
| Boots of Speed | 1 | |
12 total
SsasvulxemiT (
pink | 34 APM | 792 actions | 23:35)
3 Priestess of the Moon
1 Searing Arrows
2 Trueshot Aura
1 Keeper of the Grove
1 Entangling Roots
1 Pandaren Brewmaster
1 Drunken Haze
» actions
| Assign group hotkey | 2 | |
| Basic commands | 37 | |
| Build / train | 68 | |
| Enter build submenu | 15 | |
| Enter hero's abilities submenu | 6 | |
| Right click | 328 | |
| Select / deselect | 296 | |
| Select group hotkey | 2 | |
| Use ability | 38 | |
792 total
» units
| Wisp | 20 | |
| Huntress | 4 | |
| Dryad | 7 | |
| Druid of the Claw | 1 | |
| Glaive Thrower | 1 | |
| Forest Troll High Priest | 1 | |
34 total
» upgrades
| Moon Armor | 1 | |
| Strength of the Moon | 1 | |
| Sentinel | 1 | |
| Druid of the Claw Training | 3 | |
| Abolish Magic | 1 | |
| Reinforced Hides | 1 | |
| Strength of the Wild | 2 | |
| Vorpal Blades | 1 | |
11 total
» buildings
| Hunter's Hall | 1 | |
| Moon Well | 4 | |
| Altar of Elders | 1 | |
| Ancient of War | 2 | |
| Ancient of Wonders | 1 | |
| Tree of Ages | 1 | |
| Tree of Life | 1 | |
| Tree of Eternity | 1 | |
| Ancient of Lore | 2 | |
| Ancient Protector | 1 | |
15 total
» build order
00:23 Hunter's Hall
00:36 Moon Well
01:09 Altar of Elders
01:35 Moon Well
02:12 Ancient of War
02:57 Ancient of Wonders
03:06 Ancient of War
04:39 Tree of Ages
04:45 Moon Well
07:17 Tree of Life
07:42 Moon Well
07:51 Tree of Eternity
07:59 Ancient of Lore
08:14 Ancient of Lore
11:30 Ancient Protector
» items
| Potion of Healing | 5 | |
| Staff of Preservation | 1 | |
| Scroll of Town Portal | 2 | |
| Orb of Venom | 3 | |
| Staff of Teleportation | 1 | |
| Periapt of Vitality | 1 | |
13 total
KillaClown (
blue | 22 APM | 504 actions | 23:08)
7 Blademaster
3 Wind Walk
3 Critical Strike
1 Bladestorm
» actions
| Basic commands | 132 | |
| Build / train | 59 | |
| ESC pressed | 2 | |
| Enter build submenu | 16 | |
| Enter hero's abilities submenu | 7 | |
| Right click | 8 | |
| Select / deselect | 205 | |
| Use ability | 74 | |
504 total
» units
| Peon | 9 | |
| Grunt | 4 | |
| Tauren | 8 | |
| Shaman | 9 | |
30 total
» upgrades
| Melee Weapons | 3 | |
| Shaman Training | 2 | |
| Armor | 3 | |
8 total
» buildings
| Altar of Storms | 1 | |
| Orc Burrow | 7 | |
| Barracks | 1 | |
| Voodoo Lounge | 1 | |
| Stronghold | 1 | |
| War Mill | 1 | |
| Fortress | 1 | |
| Spirit Lodge | 1 | |
| Tauren Totem | 2 | |
16 total
» build order
00:06 Altar of Storms
00:09 Orc Burrow
00:12 Barracks
01:53 Orc Burrow
03:28 Voodoo Lounge
04:35 Stronghold
06:19 War Mill
07:16 Fortress
07:18 Spirit Lodge
07:41 Orc Burrow
08:39 Orc Burrow
09:45 Tauren Totem
09:46 Tauren Totem
11:30 Orc Burrow
12:22 Orc Burrow
13:19 Orc Burrow
» items
| Healing Salve | 3 | |
| Lesser Clarity Potion | 5 | |
| Potion of Healing | 3 | |
11 total
team 2 (winner)
humankingtomvip (
purple | 67 APM | 1588 actions | 23:42)
8 Goblin Tinker
3 Pocket Factory
3 Engineering Upgrade
1 Robo-Goblin
1 Cluster Rockets
» actions
| Assign group hotkey | 65 | |
| Basic commands | 32 | |
| Build / train | 93 | |
| ESC pressed | 1 | |
| Enter build submenu | 38 | |
| Enter hero's abilities submenu | 8 | |
| Give item / drop item | 1 | |
| Right click | 512 | |
| Select / deselect | 176 | |
| Select group hotkey | 517 | |
| Use ability | 145 | |
1588 total
» units
| Peasant | 25 | |
| Dragonhawk Rider | 7 | |
32 total
» upgrades
| Lumber Harvesting | 2 | |
| Masonry | 3 | |
| Magic Sentry | 1 | |
| Armor | 3 | |
| Storm Hammers | 1 | |
| Animal War Training | 1 | |
| Cloud | 1 | |
| Swords | 1 | |
13 total
» buildings
| Altar of Kings | 1 | |
| Farm | 14 | |
| Lumber Mill | 1 | |
| Blacksmith | 1 | |
| Keep | 2 | |
| Town Hall | 2 | |
| Scout Tower | 21 | |
| Arcane Vault | 2 | |
| Arcane Tower | 4 | |
| Guard Tower | 15 | |
| Castle | 2 | |
| Gryphon Aviary | 3 | |
| Arcane Sanctum | 1 | |
| Barracks | 1 | |
70 total
» build order
00:17 Altar of Kings
00:21 Farm
00:47 Farm
01:07 Lumber Mill
01:36 Farm
02:34 Farm
02:36 Farm
02:39 Blacksmith
04:04 Keep
04:34 Town Hall
04:42 Scout Tower
04:43 Scout Tower
04:43 Scout Tower
04:44 Scout Tower
04:45 Arcane Vault
05:08 Scout Tower
05:10 Scout Tower
05:15 Arcane Tower
05:17 Guard Tower
05:40 Guard Tower
06:33 Castle
06:33 Castle
06:40 Arcane Tower
07:04 Gryphon Aviary
07:06 Scout Tower
07:08 Scout Tower
07:10 Scout Tower
07:49 Guard Tower
07:49 Guard Tower
07:51 Guard Tower
08:00 Guard Tower
08:03 Scout Tower
08:04 Scout Tower
08:05 Scout Tower
08:07 Scout Tower
08:07 Scout Tower
08:09 Scout Tower
08:10 Scout Tower
08:19 Scout Tower
08:19 Scout Tower
09:07 Guard Tower
09:10 Arcane Sanctum
09:14 Scout Tower
09:18 Scout Tower
09:22 Guard Tower
09:47 Guard Tower
09:48 Arcane Tower
09:50 Guard Tower
09:50 Guard Tower
09:59 Arcane Tower
10:04 Guard Tower
10:47 Guard Tower
11:04 Gryphon Aviary
11:07 Gryphon Aviary
11:09 Barracks
11:57 Farm
11:57 Farm
12:00 Farm
12:00 Farm
12:00 Farm
12:00 Farm
12:01 Farm
12:50 Arcane Vault
13:56 Guard Tower
13:57 Guard Tower
14:31 Scout Tower
17:42 Town Hall
» items
| Boots of Speed | 1 | |
| Staff of Teleportation | 1 | |
| Ivory Tower | 9 | |
| Scroll of Town Portal | 1 | |
| Orb of Venom | 1 | |
| Dust of Appearance | 1 | |
14 total

»
michaelx (
yellow | 35 APM | 819 actions | 23:36)
6 Priestess of the Moon
2 Searing Arrows
2 Trueshot Aura
1 Scout
1 Starfall
» actions
| Basic commands | 5 | |
| Build / train | 53 | |
| Enter build submenu | 29 | |
| Enter hero's abilities submenu | 6 | |
| Remove unit from queue | 3 | |
| Right click | 462 | |
| Select / deselect | 226 | |
| Use ability | 35 | |
819 total
» units
| Wisp | 14 | |
| Archer | 3 | |
| Huntress | 8 | |
| Dryad | 8 | |
| Druid of the Talon | 7 | |
40 total
» upgrades
| Ultravision | 1 | |
| Druid of the Talon Training | 1 | |
2 total
» buildings
| Moon Well | 15 | |
| Altar of Elders | 1 | |
| Ancient of War | 1 | |
| Hunter's Hall | 1 | |
| Tree of Ages | 1 | |
| Ancient of Lore | 1 | |
| Tree of Eternity | 1 | |
| Ancient of Wind | 2 | |
| Tree of Life | 2 | |
| Chimaera Roost | 1 | |
26 total
» build order
00:25 Moon Well
00:38 Altar of Elders
00:52 Ancient of War
02:07 Hunter's Hall
02:18 Moon Well
03:01 Tree of Ages
03:31 Moon Well
04:06 Moon Well
04:25 Moon Well
05:03 Moon Well
05:38 Ancient of Lore
06:12 Moon Well
07:24 Tree of Eternity
09:54 Ancient of Wind
11:28 Tree of Life
16:48 Moon Well
17:38 Moon Well
19:57 Moon Well
20:01 Moon Well
20:13 Ancient of Wind
20:52 Moon Well
20:59 Moon Well
21:36 Chimaera Roost
21:56 Moon Well
22:55 Moon Well
23:00 Tree of Life

»
yukhini (
red | 53 APM | 1258 actions | 23:36)
6 Demon Hunter
2 Immolation
3 Mana Burn
1 Metamorphosis
5 Priestess of the Moon
3 Trueshot Aura
2 Searing Arrows
» actions
| Assign group hotkey | 21 | |
| Build / train | 72 | |
| Enter build submenu | 21 | |
| Enter hero's abilities submenu | 11 | |
| Give item / drop item | 4 | |
| Right click | 574 | |
| Select / deselect | 255 | |
| Select group hotkey | 235 | |
| Use ability | 65 | |
1258 total
» units
| Wisp | 26 | |
| Archer | 6 | |
| Mountain Giant | 3 | |
| Dryad | 3 | |
| Hippogryph | 2 | |
| Chimaera | 4 | |
44 total
» upgrades
| Strength of the Wild | 3 | |
| Reinforced Hides | 3 | |
| Abolish Magic | 1 | |
| Corrosive Breath | 1 | |
| Hardened Skin | 1 | |
| Resistant Skin | 1 | |
| Well Spring | 1 | |
| Ultravision | 1 | |
12 total
» buildings
| Altar of Elders | 1 | |
| Moon Well | 8 | |
| Ancient of War | 1 | |
| Ancient of Wonders | 2 | |
| Tree of Ages | 1 | |
| Hunter's Hall | 1 | |
| Ancient of Lore | 1 | |
| Ancient of Wind | 1 | |
| Tree of Eternity | 1 | |
| Tree of Life | 1 | |
| Chimaera Roost | 2 | |
| Ancient Protector | 2 | |
22 total
» build order
00:18 Altar of Elders
00:20 Moon Well
00:36 Ancient of War
01:43 Moon Well
01:57 Ancient of Wonders
02:37 Moon Well
03:14 Tree of Ages
03:55 Hunter's Hall
04:46 Moon Well
06:33 Ancient of Lore
07:28 Ancient of Wind
08:44 Moon Well
09:05 Tree of Eternity
09:44 Tree of Life
09:55 Moon Well
11:03 Moon Well
13:45 Chimaera Roost
13:54 Ancient Protector
14:31 Ancient Protector
14:34 Ancient of Wonders
15:39 Chimaera Roost
17:38 Moon Well
» items

»
Birdlives (
green | 32 APM | 744 actions | 23:36)
5 Blademaster
1 Wind Walk
3 Critical Strike
1 Mirror Image
» actions
| Assign group hotkey | 8 | |
| Basic commands | 38 | |
| Build / train | 32 | |
| Enter build submenu | 26 | |
| Enter hero's abilities submenu | 5 | |
| Remove unit from queue | 1 | |
| Right click | 329 | |
| Select / deselect | 194 | |
| Select group hotkey | 78 | |
| Use ability | 33 | |
744 total
» units
| Peon | 6 | |
| Grunt | 7 | |
| Wind Rider | 6 | |
| Troll Headhunter/Berserker | 2 | |
21 total
» upgrades
» buildings
| Altar of Storms | 1 | |
| Orc Burrow | 7 | |
| Barracks | 1 | |
| War Mill | 1 | |
| Voodoo Lounge | 1 | |
| Stronghold | 2 | |
| Fortress | 1 | |
| Beastiary | 4 | |
| Great Hall | 3 | |
21 total
» build order
00:06 Altar of Storms
00:14 Orc Burrow
00:38 Barracks
01:28 Orc Burrow
04:18 War Mill
04:41 Voodoo Lounge
05:35 Stronghold
07:45 Orc Burrow
08:37 Fortress
08:53 Beastiary
08:58 Beastiary
09:52 Orc Burrow
10:35 Orc Burrow
10:50 Great Hall
14:05 Great Hall
17:34 Stronghold
20:10 Beastiary
20:15 Beastiary
20:20 Orc Burrow
20:51 Great Hall
23:24 Orc Burrow
Chat log
(00:28 / All) humankingtomvip: your name would not be lol idc if you didnt care
(00:31 / All) humankingtomvip: i bet you care a lot
(00:48 / All) LOL_IDC: w/e its just name maybe you overthink
(00:56 / All) humankingtomvip: a well crafted response
(01:03 / All) humankingtomvip: if you didnt care you wouldnt even bother responding
(01:18 / All) humankingtomvip: you care more than anyone ive ever played in this game
(01:19 / All) yukhini: exciting
(01:25 / All) SsasvulxemiT: he must be gen y
(01:27 / All) humankingtomvip: your care cup is full
(01:38 / All) LOL_IDC: 2 girls one cup?
(01:53 / All) michaelx: nasty
(01:58 / All) SsasvulxemiT: your a genuine care bear
(02:12 / Allies) humankingtomvip: i like your wisp placement red
(04:21 / Allies) Birdlives: yo
(04:22 / Allies) Birdlives: lets rush
(04:27 / Allies) humankingtomvip: i teched
(04:31 / Allies) humankingtomvip: lets creet he middle
(05:27 / Allies) yukhini: lol?
(05:39 / Allies) yukhini: how did u see him
(06:05 / Allies) humankingtomvip: coem all
(06:07 / Allies) humankingtomvip: lets creep the middle
(06:30 / Allies) humankingtomvip: keep the hurt ones back
(06:35 / Allies) humankingtomvip: or let htem die
(06:36 / Allies) humankingtomvip: ur call
(06:37 / Allies) yukhini: omg
(06:44 / Allies) yukhini: i wanted to heal them 1st#
(07:24 / Allies) humankingtomvip: 3 miners
(07:25 / Allies) humankingtomvip: rofl
(07:28 / Allies) humankingtomvip: TURD NOOB
(07:37 / Allies) Birdlives: lol
(08:34 / Allies) humankingtomvip: 3 MINERS
(08:36 / Allies) humankingtomvip: WHAT A SHIT NOOB
(08:42 / Allies) Birdlives: theres 4
(08:47 / Allies) yukhini: tx pur
(09:40 / Allies) michaelx: thx purp
(10:04 / Allies) Birdlives: lets kill pinks exp
(10:18 / Allies) yukhini: they are near
(10:33 / Allies) yukhini: purple they are near ur exp
(12:03 / Allies) yukhini: 100 go?
(12:10 / Allies) humankingtomvip: RAPED NOOB
(13:44 / Allies) Birdlives: yo
(13:50 / Allies) Birdlives: coould i get a little gold
(13:53 / Allies) humankingtomvip: you suck shit
(14:27 / Allies) michaelx: nice
(14:42 / Allies) michaelx: lets hit teal or something
(15:05 / Allies) michaelx: get dust
(15:10 / Allies) humankingtomvip: we must hit
(15:11 / Allies) yukhini: take heal pot
(15:13 / Allies) humankingtomvip: its 3v4
(15:17 / Allies) yukhini: use heal pot
(15:18 / Allies) michaelx: meet
(15:19 / Allies) humankingtomvip: go you dogfuckers
(15:27 / Allies) humankingtomvip: see the minimap[?
(15:30 / Allies) yukhini: i put heal pot on ur tinker
(15:36 / Allies) humankingtomvip: stop obsessing over heros
(15:38 / Allies) humankingtomvip: and play the game
(16:07 / Allies) yukhini: its ok but we dont see all map like u
(16:52 / All) humankingtomvip: it struggles to run an 8 year old game
(16:54 / All) humankingtomvip: try to keep it below 40 food, guys!
(17:22 / All) humankingtomvip: LOL
(17:23 / All) humankingtomvip: U CARE
(17:42 / All) LOL_IDC: learn to troll dude
(17:45 / All) humankingtomvip: OWNED
(17:51 / All) humankingtomvip: U SHALL NOT ENTER
(17:51 / All) LOL_IDC: nice hack
(18:17 / All) humankingtomvip: RUN
(18:21 / All) humankingtomvip: LOL WHO DID U STEAL THAT ORB FROM
(18:25 / All) humankingtomvip: U SHOULD AOPOLOGIZE TO UR TEAM
(18:31 / All) LOL_IDC: yawn
(18:33 / All) LOL_IDC: nice hack
(18:36 / All) LOL_IDC: try not to obvious
(18:43 / All) humankingtomvip: U CARE A LOT
(18:48 / All) humankingtomvip: OBVIOUS ISNT A VERY
(18:49 / All) humankingtomvip: LOL
(18:57 / All) humankingtomvip: VERB
(19:45 / All) humankingtomvip: LOL
(20:17 / All) LOL_IDC: wow save replay say gg to your cd key
(20:19 / All) humankingtomvip: OWNED
(20:22 / All) humankingtomvip: US AVE REPLAYS
(20:24 / All) humankingtomvip: THAT MEANS U CADRE
(20:25 / All) LOL_IDC: again dont be obvious with ur hack
(20:33 / All) humankingtomvip: ORBS DONT STACK NOOB
(20:34 / All) humankingtomvip: ROFL
(20:34 / All) LOL_IDC: yea i care when ppl cheat
(20:38 / All) humankingtomvip: U CARE ALL THE TIME
(20:41 / All) humankingtomvip: U CARE WHEN U LOSE
(20:44 / All) humankingtomvip: THATS WHY U MADE THIS NAME
(20:48 / All) LOL_IDC: w/e
(20:58 / All) LOL_IDC: again saved replay try not to be obvious with a map hack
(21:01 / All) LOL_IDC: have fun
(21:03 / All) humankingtomvip: WHAT ARE U GONAN DO WITH IT
(21:05 / All) humankingtomvip: WATCH IT FOR LESSONS?
(21:43 / All) humankingtomvip: what a shitty unit the dryad is
(22:02 / All) KillaClown: your moms shitty
(22:04 / All) humankingtomvip: the only reason to mkae them in 4s
(22:07 / All) humankingtomvip: is to be the last noob standing
(22:11 / All) humankingtomvip: when wyrms roll over your team
(22:13 / Allies) Birdlives: lol
(22:23 / All) KillaClown: well gg
(22:29 / All) humankingtomvip: teal cared
(22:41 / All) KillaClown: i always lose where there is a noob flying around with bats trying to win the game himself
(22:46 / All) SsasvulxemiT: HEY PURP , HOW DO U TALK SO MUCH WITH YOUR MOUTH FULL OF COCK
(22:49 / All) KillaClown: ya know what i mean>?
(22:50 / All) humankingtomvip: yeah and he stole ur cold orb
(22:56 / All) humankingtomvip: and he had 2 orbs on the same hero
(23:07 / All) KillaClown: ya later .... much
(23:31 / All) SsasvulxemiT: PURP WHEN U TALK ALL I HEAR IS GULP GULP SLURP